Workbook

Sheet 1
A1: ='2'!A1:H1 -> Nome da Empresa, Lda
A2: Quadros plurianuais de Apoio
A4: Pagamentos especiais por conta disponíveis
A5: Ano | C5: Valores
A6: Do pagamento | B6: Limite do uso | C6: Do pagamento | D6: Deduzido até 2014 | E6: Disponíveis em 2015 | F6: Deduzir em 2015 | G6: Expira em 1/1/2016 | H6: Remanescente
A7: 2011 | B7: 2015 | C7: 0 | D7: 0 | E7: =C7-D7 -> 0 | F7: =IF(E7<F14,E7,F14) -> 0 | G7: =C7-D7-F7 -> 0
A8: 2012 | B8: 2016 | C8: 0 | D8: 0 | E8: =C8-D8 -> 0 | F8: =IF((E8+E7-F7)<(F14-F7),(E8+E7-F7),(F14-F7)) -> 0 | H8: =C8-D8-F8-G8 -> 0
A9: 2013 | B9: 2017 | C9: 0 | D9: 0 | E9: =C9-D9 -> 0 | F9: =IF((E8+E7+E9-F8-F7)<(F14-F7-F8),(E8+E7+E9-F7-F8),(F14-F7-F8)) -> 0 | H9: =C9-D9-F9-G9 -> 0
A10: 2014 | B10: 2020 | C10: 0 | D10: 0 | E10: =C10-D10 -> 0 | F10: =IF((E8+E7+E9+E10-F8-F7-F9)<(F14-F7-F8-F9),(E8+E7+E9+E10-F7-F8-F9),(F14-F7-F8-F9)) -> 0 | H10: =C10-D10-F10-G10 -> 0
A11: 2015 | B11: 2021 | C11: 0 | D11: 0 | E11: =C11-D11 -> 0 | F11: =IF((E8+E7+E9+E10+E11-F8-F7-F9-F10)<(F14-F7-F8-F9-F10),(E8+E7+E9+E10+E11-F7-F8-F9-F10),(F14-F7-F8-F9-F10)) -> 0 | H11: =C11-D11-F11-G11 -> 0
B12: Totais: | C12: =SUM(C7:C11) -> 0 | D12: =SUM(D7:D11) -> 0 | E12: =SUM(E7:E11) -> 0 | F12: =SUM(F7:F11) -> 0 | G12: =SUM(G7:G11) -> 0 | H12: =SUM(H7:H11) -> 0
E14: Limites à utilização do PEC: | F14: ='2'!F71-'2'!F73-'2'!F74-'2'!F75 -> 0
A16: Prejuízos fiscais disponíveis
A17: Ano | C17: Valores
A18: Do prejuízo | B18: Limite da dedução | C18: Do Prejuízo | D18: Deduzido até 2014 | E18: Disponíveis em 2015 | F18: Deduzir em 2015 | G18: Expira em 1/1/2016 | H18: Remanescente
A19: 2009 | B19: 2015 | C19: 0 | D19: 0 | E19: =IF(C19-D19<0.001,0,C19-D19) -> 0 | F19: =IF(E19<F26,E19,F26) -> 0 | G19: =C19-D19-F19 -> 0
A20: 2012 | B20: 2017 | C20: 0 | D20: 0 | E20: =IF(C20-D20<0.001,0,C20-D20) -> 0 | F20: =IF((F26-F19)<(E19+E20-F19),(F26-F19),(E19+E20-F19)) -> 0 | H20: =C20-D20-F20-G20 -> 0
A21: 2013 | B21: 2018 | C21: 0 | D21: 0 | E21: =IF(C21-D21<0.001,0,C21-D21) -> 0 | F21: =IF((F26-F19-F20)<(E19+E20+E21-F19-F20),(F26-F19-F20),(E19+E20+E21-F19-F20)) -> 0 | H21: =C21-D21-F21-G21 -> 0
A22: 2014 | B22: 2026 | C22: 0 | D22: 0 | E22: =IF(C22-D22<0.001,0,C22-D22) -> 0 | F22: =IF((F26-F19-F20-F21)<(E19+E20+E21+E22-F19-F20-F21),(F26-F19-F20-F21),(E19+E20+E21+E22-F19-F20-F21)) -> 0 | H22: =C22-D22-F22-G22 -> 0
A23: 2015 | B23: 2027 | C23: =IF('2'!F49<0,'2'!F49,0) -> 0 | H23: =C23-D23-F23-G23 -> 0
B24: Totais: | C24: =SUM(C19:C23) -> 0 | D24: =SUM(D19:D23) -> 0 | E24: =SUM(E19:E23) -> 0 | F24: =SUM(F19:F23) -> 0 | G24: =SUM(G19:G23) -> 0 | H24: =SUM(H19:H23) -> 0
E26: Valor Utilizado: | F26: ='2'!F56 -> 0
A28: Mais-valias disponíveis
A29: Ano | C29: Valores
A30: Da mais-valia | B30: Dedução | C30: Mais-Valias | D30: Realização | E30: Investimento até 2014 | F30: Investimento no exercício | G30: Mais-valia a expirar | H30: Investimento Remanescente
A31: 2013 | B31: 2012-2015 | C31: 0 | D31: 0.001 | E31: 0 | F31: 0 | G31: =((D31-E31-F31)/D31)*C31 -> 0
A32: 2014 | B32: 2013-2016 | C32: 0 | D32: 0 | E32: 0 | F32: 0 | H32: =D32-E32-F32 -> 0
A33: 2015 | B33: 2014-2017 | C33: 0 | D33: 0 | E33: 0 | F33: 0 | H33: =D33-E33-F33 -> 0
B34: Totais: | C34: =SUM(C31:C33) -> 0 | D34: =SUM(D31:D33) -> 0.001 | E34: =SUM(E31:E33) -> 0 | F34: =SUM(F31:F33) -> 0 | G34: =SUM(G31:G33) -> 0 | H34: =SUM(H31:H33) -> 0
F35: Mais-valia Majorada (15%) | G35: =G34*1.15 -> 0
A37: Autónomas
C38: Despesas com viaturas
C39: Até 25.000,00 | D39: até 35.000,00 | E39: Superior
A40: Gasóleos
A41: Gasolina
A42: Gás
A43: Rendas e Alugueres
A44: ALD e locações
A45: Seguros
A46: Conservação e reparação
A47: Depreciações
A48: Juros
A49: Serviços Bancários
A50: Imposto Único de Circulação
B51: Totais: | C51: =SUM(C40:C50) -> 0 | D51: =SUM(D40:D50) -> 0 | E51: =SUM(E40:E50) -> 0
C52: =IF('2'!F49<0,0.2,0.1) -> 0.1 | D52: =IF('2'!F49<0,0.375,0.275) -> 0.275 | E52: =IF('2'!F49<0,0.45,0.35) -> 0.35
C53: =C51*C52 -> 0 | D53: =D51*D52 -> 0 | E53: =E51*E52 -> 0 | H53: =SUM(C53:G53) -> 0
C55: Outras Tributações Autónomas
C56: Despesas de Representação | F56: 0 | G56: =IF('2'!F431,0.2,0.1) -> 0.1 | H56: =F56*G56 -> 0
C57: Quilómetros (deslocações e estadas) | F57: 0 | G57: =IF('2'!F49<0,0.15,0.05) -> 0.05 | H57: =F57*G57 -> 0
C58: Gerência - Ajudas de Custo | F58: 0 | G58: =IF('2'!F50<0,0.15,0.05) -> 0.05 | H58: =F58*G58 -> 0
C59: Pessoal - Ajudas de Custo | F59: 0 | G59: =IF('2'!F51<0,0.15,0.05) -> 0.05 | H59: =F59*G59 -> 0
C60: Indeminização não cumprimento objectivos | F60: 0 | G60: =IF('2'!F49<0,0.45,0.35) -> 0.35 | H60: =F60*G60 -> 0
C61: Excesso de Indeminização a gestores | F61: 0 | G61: =IF('2'!F50<0,0.45,0.35) -> 0.35 | H61: =F61*G61 -> 0
C62: Excesso remunerações variáveis a gestores | F62: 0 | G62: =IF('2'!F51<0,0.45,0.35) -> 0.35 | H62: =F62*G62 -> 0
H63: =SUM(H53:H62) -> 0

Sheet 2
A1: Nome da Empresa, Lda
A2: Mapa de Apuramento de IRC 2015 - M22
A4: Apuramento do resultado tributável
A6: Rúbrica | E6: Parcelas | F6: Totais | H6: Campo
A7: Resultado antes de imposto | E7: 0
D8: Inicio dos cálculos | E8: =SUM(E7:E7) -> 0 | F8: =E8 -> 0
A10: Variações patrimoniais positivas | E10: 0 | H10: 702
A11: Transição POC SNC Positiva | E11: 0 | H11: 703
A12: Variações patrimoniais negativas | E12: 0 | H12: 704
A13: Transição POC SNC negativa | E13: 0 | H13: 705
D14: Variações patrimoniais: | E14: =E10+E11-E12-E13 -> 0 | F14: =E14 -> 0 | H14: 708
A16: Imputação matéria colectável de ACE, AEIE e transparência | E16: 0 | H16: 709
A17: Correcções Exercícios Anteriores | E17: 0 | H17: 710
A18: Anulação do MEP e da consolidação proporcional | E18: 0 | H18: 712
A19: Ajustamentos do justo Valor | E19: 0 | H19: 713
A20: Encargos não devidamente documentados | E20: 0 | H20: 716
A21: Depreciações e amortizações não aceites | E21: 0 | H21: 719
A22: Impostos diferidos | E22: 0 | H22: 725
A23: Multas, penalidades, juros compensatórios | E23: 0 | H23: 728
A24: Aluguer de viatura sem condutor | E24: 0 | H24: 732
A25: Menos-valias contabilísticas | E25: 0 | H25: 736
A26: Mais-valias fiscais sem intenção de reinvestimento | E26: 0 | H26: 739
A27: 50% de Mais-valias fiscais com intenção reinvestimento | E27: 0 | H27: 740
A28: Mais-valias para reinvestir não reinvestidas | E28: ='1'!G35 -> 0 | H28: 741
A29: Excesso Gastos Financiamento | E29: 0 | H29: 748
A30: Regimes das fusões, cisões, entrada de activos e permuta de partes sociais | E30: 0 | H30: 750
A31: Donativos não previstos ou além dos limites legais | E31: 0 | H31: 751
E32: 0
E33: 0
E34: 0
D35: Acréscimos à matéria colectável: | E35: =SUM(E16:E34) -> 0 | F35: =E35 -> 0 | H35: 753
A37: Prejuízo imputado por ACE, AEIE e agrupamentos complementares de empresas | E37: 0 | H37: 755
A38: Correcções de períodos anteriores | E38: 0 | H38: 756
A39: Excesso de estimativa para imposto | E39: 0 | H39: 765
A40: Impostos diferidos | E40: 0 | H40: 766
A41: Mais-valias contabilísticas | E41: 0 | H41: 767
A42: Menos-valias fiscais | E42: 0 | H42: 769
A43: Benefícios fiscais | E43: 0 | H43: 774
E44: 0
E45: 0
E46: 0
D47: Deduções à matéria colectável: | E47: =SUM(E37:E46) -> 0 | F47: =E47 -> 0 | H47: 776
E49: Resultado Fiscal: | F49: =F8+F14+F35-F47 -> 0 | H49: 777/778
A51: Apuramento da matéria colectável
C53: Resultado Fiscal: | F53: =IF(F49>0,F49,0) -> 0
C54: Limite da dedução dos prejuízos: | D54: =F53 -> 0 | E54: 0.7 | F54: =D54*E54 -> 0
C55: Valores de prejuízos disponíveis em 2015 | F55: ='1'!E24 -> 0
C56: Valor utilizado de prejuízos fiscais: | F56: =IF(F55>F54,F54,F55) -> 0
E58: Resultado Fiscal: | F58: =F53 -> 0
E59: Valor utilizado de prejuízos fiscais: | F59: =F56 -> 0
E60: Matéria Colectável: | F60: =F58-F59 -> 0
A62: Cálculo do Imposto
B64: Imposto à taxa reduzida | D64: =IF(F60<0,0,IF(F60>15000,15000,F60)) -> 0 | E64: 0.17 | F64: =ROUNDUP(D64*E64,2) -> 0 | H64: 347A
B65: Imposto à taxa normal | D65: =IF(F60-D64=0,0,F60-D64) -> 0 | E65: 0.21 | F65: =ROUNDUP(D65*E65,2) -> 0 | H65: 347B
B66: Imposto a outras taxas | F66: 0 | H66: 349
B67: Imposto imputável aos Açores | F67: 0 | H67: 350
B68: Imposto imputável à Madeira | F68: 0 | H68: 370
E69: Colecta | F69: =SUM(F64:G68) -> 0 | H69: 351
B70: Derrama Estatual | F70: 0 | H70: 373
E71: Colecta Total | F71: =SUM(F69:F70) -> 0 | H71: 378
B73: Dupla Tributação Jurídica Internacional | F73: 0 | H73: 353
B74: Dupla Tributação Económica Internacional | F74: 0 | H74: 375
B75: Benefícios Fiscais | F75: 0 | H75: 375
A76: 24112 | B76: Pagamento especial por conta | F76: ='1'!F12 -> 0 | H76: 356
E77: Total das Deduções | F77: =SUM(F73:F76) -> 0 | H77: 357
E78: Total do IRC | F78: =IF(F77>F69,0,F69-F77) -> 0 | H78: 358
E79: Resultado da liquidação | F79: =F78 -> 0 | H79: 371
A80: 2412 | B80: Retenção na Fonte | F80: 0 | H80: 359
A81: 24111 | B81: Pagamento por Conta (Normais) | F81: 0 | H81: 360
B82: Pagamentos adicionais por conta | F82: 0 | H82: 374
E83: IRC a pagar: | F83: =F79-F80-F82-F81 -> 0 | H83: 361/362
B84: Derrama | D84: =IF(F49<0,0,F49) -> 0 | E84: 0.0135 | F84: =D84*E84 -> 0 | H84: 364
B85: Autónomas | F85: ='1'!H63 -> 0 | H85: 365
E86: Guia de Pagamento de IRC: | F86: =SUM(F83:F85) -> 0 | H86: 367/368
A87: Outras Informação
B89: Total dos rendimentos do exercício | F89: 0 | H89: 410
A91: Volume de Negócios
A92: 71 | B92: Vendas | F92: 0
A93: 72 | B93: Prestação de Serviços | F93: 0
E94: Volume de Negócios | F94: =SUM(F92:F93) -> 0 | H94: 411
A98: Contabilidade
A100: Resultado líquido
B102: Resultado antes de impostos | F102: =E7 -> 0
B103: Imposto | E103: =F69 -> 0 | G103: 347B
B104: Derrama | E104: =F84 -> 0 | G104: 364
B105: Autónomas | E105: ='1'!H63 -> 0 | G105: 365
B106: Benefícios fiscais a aplicar na colecta | E106: =F75 -> 0
D107: Imposto sobre o rendimento | E107: =SUM(E103:E106) -> 0
B108: Imposto diferido | E108: =E22-E40 -> 0
D109: Imposto sobre o rendimento do período (na DR) | E109: =SUM(E107:E108) -> 0 | F109: =E109 -> 0 | G109: 724
E110: Resultado líquido | F110: =F102-F109 -> 0
A112: Ano seguinte
A114: Pagamento por conta 2016
B115: Colecta | F115: =F69 -> 0
B116: Retenções na fonte | F116: =F80 -> 0
F117: =F115-F116 -> 0
B118: Taxa | D118: =F94 -> 0 | E118: =IF(D118>500000,0.95,0.8) -> 0.8 | F118: =F117*E118 -> 0
B119: Prestações | F119: 3
E120: Valor de cada pagamento | F120: =ROUNDUP(F118/F119,0) -> 0
A122: Pagamento especial por conta 2016
...
